 Dungeon Crawl Stone Soup version 0.24.1-14-gf8d2b509d9 (webtiles) character file.

Game seed: 3117145902454032158, levelgen mode: deterministic

548 Hugehornet the Cudgeler (level 7, -2/66 HPs)
             Began as a Troll Fighter on May 22, 2020.
             Slain by Eustachio
             ... wielding a +0 rapier
              (6 damage)
             ... on level 5 of the Dungeon.
             The game lasted 00:07:58 (4835 turns).

Hugehornet the Cudgeler (Troll Fighter)             Turns: 4835, Time: 00:07:59

Health: -2/66      AC:  7    Str: 25    XL:     7   Next: 7%
Magic:  6/6        EV: 10    Int:  6    God:
Gold:   205        SH:  0    Dex:  9    Spells: 6/6 levels left

rFire    . . .     SeeInvis .   j - +0 giant club
rCold    . . .     Gourm    +   (shield currently unavailable)
rNeg     . . .     Faith    .   u - +0 robe (curse)
rPois    .         Spirit   .   (helmet restricted)
rElec    .         Reflect  .   o - +0 cloak (curse)
rCorr    .         Harm     .   (gloves unavailable)
MR       .....                  (boots unavailable)
Stlth    +.........             (no amulet)
HPRegen  0.61/turn              (no ring)
MPRegen  0.10/turn              (no ring)

@: very slightly contaminated, hasted, invisible, very quick
A: large, unfitting armour, claws 3, fast metabolism 3, gourmand, regeneration
1, shaggy fur 1, tough skin 3
a: no special abilities


You were on level 5 of the Dungeon.
You were not hungry.

You visited 1 branch of the dungeon, and saw 5 of its levels.

You collected 205 gold pieces.

Inventory:

Hand Weapons
 a - a +0 flail
 j - a +0 giant club (weapon)
 v - a +2 mace of protection
Missiles
 e - 8 javelins (quivered)
 h - 110 stones
Armour
 b - a +0 robe
 o - a cursed +0 cloak (worn)
 u - a cursed +0 robe (worn)
Scrolls
 g - a scroll of blinking {unknown}
 i - a scroll of amnesia {unknown}
 k - 3 scrolls of teleportation {unknown}
 q - a scroll of fog {unknown}
 r - 4 scrolls of enchant weapon {unknown}
 w - 2 scrolls of remove curse {unknown}
Potions
 c - a potion of agility
 d - a potion of might
 l - a potion of brilliance
 m - 2 potions of curing
 n - a potion of ambrosia
 p - a potion of haste
 s - a potion of lignification {unknown}
Comestibles
 f - 11 rations


   Skills:
 - Level 2.4 Fighting
 + Level 7.1 Maces & Flails
 - Level 2.4 Dodging
   Level 2.4 Shields


You had 6 spell levels left.
You didn't know any spells.
Your spell library was empty.

Dungeon Overview and Level Annotations

Branches:
Dungeon (5/15)
 Temple: D:4-7

Altars:
Fedhas
Gozag

Annotations:
D:5 Eustachio, Menkaure


Innate Abilities, Weirdness & Mutations

You are too large for most types of armour.
You have claws for hands.
Your metabolism is lightning-fast.
You like to eat raw meat.
Your natural rate of healing is unusually fast.
You are covered in fur. (AC +1)
You have extremely tough skin. (AC +3)


Message History

* * * LOW HITPOINT WARNING * * *
Eustachio hits you but does no damage. The river rat bites you!
* * * LOW HITPOINT WARNING * * *
The quokka bites you but does no damage.
The shadow imp hits you but does no damage.
The ufetubus hits you but does no damage.
The ufetubus hits you.
* * * LOW HITPOINT WARNING * * *
You fade into invisibility!
The ufetubus disappears in a puff of smoke!
The quokka bites you but does no damage.
Eustachio closely misses you.
The river rat bites you but does no damage.
The shadow imp closely misses you.
You are very lightly contaminated with residual magic.
Unknown command.
You feel yourself speed up. The quokka barely misses you.
The river rat bites you but does no damage.
Eustachio hits you with a +0 rapier.
You die...

##. .#..
###########)..#
#..@..........
#§@r5......#
#5.r.......#
#§....)....#
#.....)....#
######.#########
#)##......#
###.##....).#
#..[##......#
#.####......#


You could see Eustachio, a river rat, a shadow imp, an ufetubus and a quokka.

Vanquished Creatures
  An ogre (D:4)
  A scorpion (D:4)
  2 orc priests
  A hound (D:4)
  Crazy Yiuf (D:2)
  A gnoll shaman (D:4)
  4 orc wizards
  Robin (D:3)
  5 adders
  2 gnolls
  An ooze (D:4)
  3 worms
  4 leopard geckos
  9 orcs
  3 ball pythons
  6 giant cockroaches
  13 goblins
  13 hobgoblins
  3 jackals (D:2)
  2 quokkas
  11 bats
  4 frilled lizards
  A jackal skeleton (D:4)
  10 kobolds
  9 rats
111 creatures vanquished.

Notes
Turn   | Place    | Note
-------+----------+-------------------------------------------
     0 | D:1      | Hugehornet the Troll Fighter began the quest for the Orb.
     0 | D:1      | Reached XP level 1. HP: 22/22 MP: 0/0
    59 | D:1      | Reached skill level 2 in Maces & Flails
   221 | D:1      | Reached XP level 2. HP: 28/29 MP: 1/1
   395 | D:1      | Reached skill level 3 in Maces & Flails
   440 | D:1      | Reached XP level 3. HP: 29/36 MP: 2/2
  1255 | D:2      | Reached XP level 4. HP: 35/44 MP: 3/3
  1345 | D:2      | Reached skill level 4 in Maces & Flails
  2088 | D:2      | Found a runed translucent door.
  2089 | D:2      | Noticed Crazy Yiuf
  2210 | D:2      | Killed Crazy Yiuf
  2299 | D:3      | Noticed Robin
  2532 | D:3      | Reached XP level 5. HP: 50/50 MP: 4/4
  2946 | D:3      | Reached skill level 5 in Maces & Flails
  3192 | D:3      | Killed Robin
  3566 | D:4      | Reached XP level 6. HP: 59/59 MP: 5/5
  3599 | D:4      | Found a blossoming altar of Fedhas.
  3838 | D:4      | Reached skill level 6 in Maces & Flails
  4177 | D:4      | Found an opulent altar of Gozag.
  4613 | D:5      | Entered Level 5 of the Dungeon
  4618 | D:5      | Noticed Menkaure
  4726 | D:5      | Reached skill level 7 in Maces & Flails
  4726 | D:5      | Reached XP level 7. HP: 50/66 MP: 6/6
  4727 | D:5      | Noticed Eustachio
  4833 | D:5      | HP: 3/66 [ufetubus[Eustachio] (4)]
  4835 | D:5      | Slain by Eustachio

Levels and vault maps discovered:
D:1:      minmay_arrival_five_plusses, layout_loops_ring, patterned_corridor
D:2:      layout_basic, minmay_pentomino_x4, uniq_crazy_yiuf_cottage
D:3:      cheibrodos_pilgrimage, layout_basic, minmay_box_of_dots, uniq_robin
D:4:      minmay_wonky_spiral, layout_basic, nicolae_gozag_seed_capital,
          fedhas_altar_3
D:5:      layout_rooms, nicolae_overflow_crystal_walls,
          minmay_temple_entry_arrows, serial_shops, shop, first_ration,
          uniq_menkaure, uniq_eustachio

Skill      XL: |  1  2  3  4  5  6 |
---------------+-------------------+-----
Maces & Flails | 2 3 4 5 7 |  7.1
Fighting       | |  2.4
Dodging        | |  2.4
Shields        | |  2.4

Action                   |  1- 3 |  4- 6 |  7- 9 || total
-------------------------+-------+-------+-------++-------
Melee: Flail             |   162 |   135 |       ||   297
       Mace              |       |   104 |       ||   104
       Giant club        |       |    23 |    93 ||   116
  Use: Scroll            |       |     7 |       ||     7
       Potion            |       |     3 |     2 ||     5
  Eat: Chunk             |    18 |    28 |       ||    46
Armor: Robe              |    82 |   109 |    64 ||   255
       Skin              |       |     1 |       ||     1
Dodge: Dodged            |    72 |   109 |    84 ||   265
Block: Shield            |   102 |   106 |       ||   208
